 Dungeon Crawl Stone Soup version 0.31.0-12-g77e489cdc1 (webtiles) character file.

Game seed: 15556176389423601071

12660 Killerpretzel the Mimic (level 11, -12/77 HPs)
             Began as an Octopode Shapeshifter on Mar 7, 2024.
             Was an Elder of Vehumet.
             Mangled by a komodo dragon (27 damage)
             ... on level 1 of the Lair of Beasts.
             The game lasted 00:29:31 (12385 turns).

Killerpretzel the Mimic (Octopode Shapeshifter)    Turns: 12385, Time: 00:29:32

Health: -12/77     AC:  1    Str: 13    XL:     11   Next: 96%
Magic:  20/20      EV: 24    Int: 14    God:    Vehumet [****..]
Gold:   1834       SH:  5    Dex: 21    Spells: 0/10 levels left

rFire   . .          .
                       - Unarmed
rCold   + + +        (shield currently unavailable)
rNeg    + + .        (helmet restricted)
rPois   .            w - amulet of reflection
rElec   .            n - ring of positive energy
rCorr   +            g - ring "Wibrau" {rC++ rCorr Dex+6}
SInv    .            p - ring of magical power
Will    .....        q - ring of positive energy
Stlth   +++          t - +5 ring of evasion
HPRegen 0.32/turn    B - ring of protection from cold
MPRegen 0.17/turn    (no ring)
                     (no ring)

%: reflection
@: blade tentacles, studying Shields
A: almost no armour, amphibious, 8 rings, camouflage 1, gelatinous body 1,
(nimble swimmer 1), tentacles
a: Begin Untransformation, Renounce Religion


You were on level 1 of the Lair of Beasts.
You worshipped Vehumet.
Vehumet was greatly pleased with you.
You had blades for main tentacles.
You visited 3 branches of the dungeon, and saw 13 of its levels.

You collected 1834 gold pieces.

Inventory:

Missiles
 f - 8 boomerangs (quivered)
Jewellery
 g - the ring "Wibrau" (right blade tentacle) {rC++ rCorr Dex+6}
   (You acquired it on level 2 of the Dungeon)

   [ring of dexterity]

   Dex+6:     It affects your dexterity (+6).
   rC++:      It greatly protects you from cold.
   rCorr:     It protects you from acid and corrosion.
 n - a ring of positive energy (left blade tentacle)
 p - a ring of magical power (on tentacle)
 q - a ring of positive energy (on tentacle)
 t - a +5 ring of evasion (on tentacle)
 w - an amulet of reflection (around mantle)
 B - a ring of protection from cold (on tentacle)
Talismans
 a - a blade talisman (active)
 b - a beast talisman
Wands
 l - a wand of paralysis (22)
 m - a wand of roots (4)
 F - a wand of flame (2)
Scrolls
 h - 5 scrolls of teleportation
 v - a scroll of revelation
 x - a scroll of fog
 H - 3 scrolls of torment
Potions
 c - a potion of attraction {unknown}
 d - 4 potions of enlightenment
 i - 2 potions of curing
 k - a potion of haste {unknown}
 r - a potion of cancellation {unknown}
 u - 3 potions of invisibility
 z - a potion of might {unknown}
 A - a potion of brilliance {unknown}


   Skills:
 + Level 8.1 Fighting
 + Level 8.4 Dodging
 - Level 6.1 Shields
 + Level 8.5 Unarmed Combat
 + Level 3.2 Translocations
 * Level 11.0 Shapeshifting


You couldn't memorise any spells.
You knew the following spells:

 Your Spells              Type           Power      Damage    Failure   Level
a - Passage of Golubria   Tloc           9%         N/A       58%         4
b - Dispersal             Tloc           4%         N/A       100%        6

Your spell library contained the following spells:

 Spells                   Type           Power      Damage    Failure   Level
 Stone Arrow              Conj/Erth      0%         3d7       22%         3
 Mercury Vapours          Alch/Air       0%         N/A       12%         2
 Volatile Blastmotes      Fire/Tloc      8%         2d10      12%         3
 Gell's Gravitas          Tloc           9%         N/A       22%         3
 Mephitic Cloud           Conj/Alch/Air  0%         N/A       22%         3
 Teleport Other           Tloc           9%         N/A       22%         3
 Iskenderun's Mystic Bla  Conj/Tloc      4%         2d3       36%         4
 Call Imp                 Summ           0%         N/A       41%         2
 Sublimation of Blood     Necr           0%         N/A       41%         2
 Fulminant Prism          Conj/Alch      0%         3d5       54%         4
 Tukima's Dance           Hex            0%         N/A       65%         3
 Freezing Cloud           Conj/Ice/Air   0%         6-21      86%         5
 Yara's Violent Unravell  Hex/Alch       0%         3d3       86%         5
 Silence                  Hex/Air        0%         N/A       100%        5
 Summon Hydra             Summ           0%         N/A       100%        7
 Lehudib's Crystal Spear  Conj/Erth      0%         10d2      100%        8


Dungeon Overview and Level Annotations

Branches:
Dungeon (11/15)            Temple (1/1) D:4            Lair (1/5) D:8
    Orc (0/2) D:11

Altars:
Ashenzari
Cheibriados
Dithmenos
Elyvilon
Gozag
Hepliaklqana
Kikubaaqudgha
Makhleb
Nemelex Xobeh
Okawaru
Qazlal
Ru
Sif Muna
Trog
Uskayaw
Vehumet
Wu Jian
Xom
Yredelemnul
Zin
The Shining One

Shops:
D:1 (?!   D:4 [

Annotations:
D:7 exclusions: 7 doors and 2 more exclusions
Temple 2 transporters


Innate Abilities, Weirdness & Mutations

You have blades for main tentacles.
You are incapable of wielding weapons or throwing items.
You cannot wear most types of armour.
You are amphibious.
You can wear up to eight rings at the same time.
Your skin changes colour to match your surroundings (Stealth+).
Your rubbery body absorbs attacks. (AC +1, EV +1)
((You are camouflaged when in or above water. (Stealth+)))
You have tentacles for arms and can constrict up to eight enemies at once.


Message History

You squeeze the basilisk, but do no damage.
The basilisk is severely wounded.
You constrict the basilisk. The bullfrog hits you.
The basilisk hisses menacingly.
You block the basilisk's attack.
Your limbs are stiffening.
You slash the basilisk!
You kill the basilisk!
Vehumet accepts your kill. You block the bullfrog's attack.
The bullfrog closely misses you. The wyvern completely misses you.
You have turned to stone.
The bullfrog barely misses you. The wyvern bites you! The bullfrog hits you!
The wyvern bites you. The bullfrog hits you. The wyvern barely misses you.
The bullfrog hits you.
A komodo dragon comes into view.
The wyvern bites you. The bullfrog hits you. The wyvern bites you!
The bullfrog hits you. The wyvern bites you!
The sentinel's mark upon you fades away.
The bullfrog hits you. The wyvern bites you. The bullfrog hits you.
The wyvern bites you!! The bullfrog hits you! The wyvern bites you!
The bullfrog hits you.
* * * LOW HITPOINT WARNING * * *
The wyvern bites you!
* * * LOW HITPOINT WARNING * * *
The bullfrog hits you.
* * * LOW HITPOINT WARNING * * *
You turn to flesh and can move again.
You feel better. The wyvern barely misses you. You block the bullfrog's attack.
The wyvern completely misses you.
You slice the wyvern!!
The wyvern is almost dead.
The bullfrog completely misses you. The wyvern completely misses you.
You slash the wyvern!
You kill the wyvern!
Vehumet accepts your kill. The bullfrog closely misses you.
The komodo dragon misses you. The bullfrog barely misses you.
You hit the komodo dragon. Your squeeze misses the komodo dragon.
The komodo dragon is lightly wounded.
The bullfrog completely misses you. The komodo dragon bites you!!
You die...

.... ......#..........#
....#......#.........##.
........................
.#......................
##...............#..P...
........#.......$.......
....#.....#...%.........
....#.##.#..............
...#..##........@F......
.....#..........†l......
........................
...##P.........#........
....##..................
....#...................
........................
......##.........##...#.
....#.#..........


You could see a komodo dragon and a bullfrog.

Vanquished Creatures
  4 two-headed ogres
  A boulder beetle (D:11)
  2 centaur zombies (D:11)
  A gargoyle (D:7)
  An unseen horror (D:8)
  A shadow (D:11)
  7 yaks
  4 wyverns
  3 basilisks
  A steam dragon (D:10)
  2 humans (D:10)
  5 vampire mosquitoes
  2 water moccasins
  3 acid dragons
  4 orc warriors
  3 sky beasts
  2 ice beasts (D:7)
  2 ogres
  3 centaurs
  A phantom (D:6)
  4 kobold brigands
  4 bullfrogs
  Blork the orc (D:4)
  A gnoll sergeant (D:9)
  3 scorpions
  11 killer bees
  2 howler monkeys
  5 bombardier beetles (D:5)
  3 jellies
  7 hounds
  A gnoll bouda (D:7)
  6 orc priests
  A sleepcap (D:5)
  Natasha (D:3)
  13 orc wizards
  9 iguanas
  11 gnolls
  12 adders
  2 shadow imps
  2 white imps
  6 ufetubi
  5 ribbon worms
  A dart slug (D:4)
  41 orcs
  3 endoplasms
  3 giant cockroaches
  4 goblins
  3 hobgoblins
  6 jackals
  13 kobolds
  4 quokkas
  2 ball pythons
  4 bats
  3 frilled lizards
  2 rats
251 creatures vanquished.

Vanquished Creatures (others)
  Sonja (D:11)
1 creature vanquished.

Grand Total: 252 creatures vanquished

Notes
Turn   | Place    | Note
-------+----------+-------------------------------------------
     0 | D:1      | Killerpretzel the Octopode Shapeshifter began the quest for
                  | the Orb.
     0 | D:1      | Reached XP level 1. HP: 13/13 MP: 1/1
    57 | D:1      | Found Tasocev's Distillery.
   106 | D:1      | Reached XP level 2. HP: 15/18 MP: 2/2
   434 | D:1      | Reached XP level 3. HP: 15/23 MP: 3/3
   502 | D:1      | Found Faow's Weapon Boutique.
   573 | D:1      | Found Ocualled's Magic Scroll Shoppe.
   870 | D:2      | Reached XP level 4. HP: 24/29 MP: 4/4
  1579 | D:2      | Identified 3 scrolls of acquirement
  1579 | D:2      | Acquired a manual of Shields
  1591 | D:2      | Acquired 1089 gold pieces
  1592 | D:2      | Acquired the ring "Wibrau" {rC++ rCorr Dex+6}
  1892 | D:3      | Noticed Natasha
  1895 | D:3      | Killed Natasha
  1896 | D:3      | Reached skill level 1 in Shields
  1933 | D:3      | Reached skill level 4 in Shapeshifting
  1933 | D:3      | Reached XP level 5. HP: 34/34 MP: 5/5
  2530 | D:4      | Noticed Blork the orc
  2538 | D:4      | Killed Blork the orc
  2539 | D:4      | Reached XP level 6. HP: 31/41 MP: 6/6
  3044 | D:4      | Found a staircase to the Ecumenical Temple.
  3051 | Temple   | Found a transporter.
  3051 | Temple   | Found a transporter.
  3051 | Temple   | Found a transporter.
  3051 | Temple   | Found a transporter.
  3051 | Temple   | Entered the Ecumenical Temple
  3064 | Temple   | Became a worshipper of Vehumet
  3174 | D:4      | Found a sparkling altar of Nemelex Xobeh.
  3202 | D:4      | Found Bigomali's Armour Emporium.
  3570 | D:5      | Entered Level 5 of the Dungeon
  3700 | D:5      | Reached XP level 7. HP: 32/45 MP: 7/7
  3907 | D:5      | Reached skill level 5 in Shapeshifting
  4406 | D:5      | Reached * piety under Vehumet
  4406 | D:5      | Offered knowledge of Sandblast by Vehumet.
  4412 | D:5      | Reached XP level 8. HP: 41/52 MP: 8/8
  4640 | D:5      | Reached skill level 6 in Shapeshifting
  4747 | D:5      | Reached skill level 5 in Shields
  4747 | D:5      | Reached skill level 5 in Unarmed Combat
  5180 | D:6      | Offered knowledge of Searing Ray by Vehumet.
  5189 | D:6      | Reached ** piety under Vehumet
  5190 | D:6      | Reached skill level 5 in Dodging
  5190 | D:6      | Reached XP level 9. HP: 45/59 MP: 9/9
  5453 | D:6      | Found a bloodstained altar of Trog.
  5454 | D:6      | Found a sacrificial altar of Ru.
  5601 | D:6      | Reached skill level 7 in Shapeshifting
  6230 | D:7      | Reached skill level 5 in Fighting
  6344 | D:7      | Offered knowledge of Momentum Strike by Vehumet.
  6442 | D:7      | Identified the +2 falchion "Ogre's Curse" {distort, rC+}
  6743 | D:7      | Noticed a manticore
  6743 | D:7      | Noticed a gargoyle
  6743 | D:7      | Noticed a boulder beetle
  6775 | D:7      | Killed a gargoyle
  6776 | D:7      | Reached skill level 8 in Shapeshifting
  7025 | D:7      | Reached *** piety under Vehumet
  7041 | D:7      | Reached XP level 10. HP: 59/68 MP: 10/10
  7344 | D:8      | Killed an unseen horror
  7561 | D:8      | Noticed a two-headed ogre
  7576 | D:8      | Killed a two-headed ogre
  7577 | D:8      | Reached skill level 9 in Shapeshifting
  7636 | D:8      | Found a staircase to the Lair.
  7644 | D:8      | Offered knowledge of Olgreb's Toxic Radiance by Vehumet.
  8710 | D:9      | Reached **** piety under Vehumet
  8936 | D:9      | Reached XP level 11. HP: 72/75 MP: 11/11
  9069 | D:9      | Learned a level 4 spell: Passage of Golubria
  9076 | D:9      | Found a hide-covered altar of Uskayaw.
  9141 | D:9      | Reached skill level 10 in Shapeshifting
  9283 | D:9      | Offered knowledge of Stone Arrow by Vehumet.
  9731 | D:10     | Entered Level 10 of the Dungeon
  9805 | D:10     | Found a glowing silver altar of Zin.
  9830 | D:10     | Found an iron altar of Okawaru.
  9848 | D:10     | Reached skill level 1 in Translocations
  9998 | D:10     | Noticed a two-headed ogre
 10005 | D:10     | Killed a two-headed ogre
 10725 | D:10     | Learned a level 6 spell: Dispersal
 11161 | D:11     | Found a staircase to the Orcish Mines.
 11181 | D:11     | Noticed Sonja
 11214 | D:11     | Noticed a two-headed ogre
 11669 | D:11     | Noticed a boulder beetle
 11690 | D:11     | Killed a boulder beetle
 12032 | D:11     | Killed a two-headed ogre
 12069 | D:11     | Noticed a two-headed ogre
 12078 | D:11     | Killed a two-headed ogre
 12087 | D:11     | Killed Sonja
 12139 | D:11     | Noticed a two-headed ogre
 12143 | D:11     | Noticed a death knight
 12180 | D:11     | Reached skill level 11 in Shapeshifting
 12295 | Lair:1   | Entered Level 1 of the Lair of Beasts
 12385 | Lair:1   | Mangled by a komodo dragon

Illustrated notes

Levels and vault maps discovered:
D:1:      sevenhm_arrival_forest_fort_small_3, layout_rooms, serial_shops,
          nicolae_shop_rolled_up, shop, nicolae_shop_bloodbath_and_beyond,
          st_stairs_4
D:2:      layout_basic
D:3:      layout_loops_cross, uniq_natasha
D:4:      layout_rooms, nicolae_overflow_hidden_temple,
          minmay_temple_entry_tees, serial_shops, shop, serial_co_window_serial,
          co_window_paths_a, co_window_paths_a, co_window_paths_b,
          co_window_corner_a, co_window_paths_a, co_window_paths_a,
          co_window_of_opportunity_a, co_window_of_opportunity_c,
          co_window_paths_c, co_window_broadway_a, co_window_cross_3,
          co_window_broadway_b, co_window_2corner, dreamdust_princess_bridge,
          minmay_surrounded, uniq_blork_the_orc
D:5:      kennysheep_windowed_halls, layout_rooms, serial_aquarium,
          aquarium_bridge_straight [aquarium_subvault_bridge,
          aquarium_subvault_wall, aquarium_subvault_bridge,
          aquarium_subvault_wall], aquarium_bridge_long_joined
          [aquarium_subvault_bridge, aquarium_subvault_window,
          aquarium_subvault_window, aquarium_subvault_window,
          aquarium_subvault_bridge, aquarium_subvault_wall], aquarium_window_1,
          aquarium_window_corridor_3, aquarium_window_1, aquarium_view_2b,
          aquarium_view_2b, aquarium_balcony_3b, minmay_checkerbox
D:6:      nicolae_BIG_FREAKIN_CUBE, layout_loops_corners,
          mainiacjoe_overflow_divided_tiny, bh_walls_and_bars
D:7:      minmay_the_grid_plus_closed [minmay_the_grid_slots,
          minmay_the_grid_pillar_ring, minmay_the_grid_odd_star,
          minmay_the_grid_armoury, minmay_the_grid_prize_big_room],
          layout_cave_pools, kennysheep_generic_room_7
D:8:      layout_basic, david_lair_generic, special_room [special_room_orc]
D:9:      layout_roguey, mainiacjoe_overflow_chevrons,
          hangedman_decor_peaks_small
D:10:     layout_basic, okawaru_humans, mainiacjoe_overflow_alcove_1
D:11:     hangedman_cross_cluster, layout_gridville, orc_0_dummy, serial_undead,
          serial_undead_d, serial_undead_f, serial_undead_f, serial_undead_f,
          uniq_sonja
Temple:   hellmonk_temple_divided_pantheon
Lair:1:   layout_cave_shapes

Skill      XL: |  1  2  3  4  5  6  7  8  9 10 11 |
---------------+----------------------------------+-----
Fighting       | 2 3 4 5 7 8 |  8.1
Shields        | 1 2 4 5 6 |  6.1
Shapeshifting  | 4 5 6 8 9 11 | 11.0
Dodging        | 3 4 5 6 7 8 |  8.4
Unarmed Combat | 4 5 6 7 8 |  8.5
Translocations | 3 |  3.2

Action                     |  1- 3 |  4- 6 |  7- 9 | 10-12 || total
---------------------------+-------+-------+-------+-------++-------
  Melee: Unarmed           |    52 |    63 |   278 |   319 ||   712
         Constrict         |    17 |    15 |    56 |    43 ||   131
         Tentacles         |     9 |    16 |    70 |    99 ||   194
         Punch             |     1 |       |    11 |    20 ||    32
  Throw: Boomerang         |     2 |    87 |    33 |       ||   122
  Evoke: Wand              |       |     2 |     7 |    12 ||    21
    Use: Scroll            |     4 |     8 |     4 |     7 ||    23
         Potion            |       |       |     9 |     4 ||    13
   Stab: Sleeping          |     2 |     3 |     2 |     4 ||    11
 Armour: Skin              |    20 |    22 |   141 |   119 ||   302
  Dodge: Dodged            |    30 |    23 |   181 |   260 ||   494
  Block: Other             |       |       |    19 |    55 ||    74
         Reflection        |       |       |     2 |     3 ||     5
   Form: Beast             |       |     1 |       |       ||     1
         Blade             |       |       |       |     1 ||     1
